 Dungeon Crawl Stone Soup version 0.21-a0-525-ga34b322 (webtiles) character file.

791 Amnesiac the Shooter (level 7, 0/54 HPs)
             Began as a Mummy Hunter on Dec 7, 2017.
             Was a Believer of Okawaru.
             Killed from afar by an electric eel (9 damage)
             ... with a bolt of electricity
             ... on level 5 of the Dungeon.
             The game lasted 00:09:50 (6157 turns).

Amnesiac the Shooter (Mummy Hunter)                 Turns: 6157, Time: 00:09:51

Health: 0/54       AC:  6    Str: 24    XL:     7   Next: 57%
Magic:  7/7        EV: 12    Int: 11    God:    Okawaru [**....]
Gold:   219        SH:  0    Dex: 12    Spells: 6/6 levels left

rFire    x . .     SeeInvis .   b - +0 trident (venom)
rCold    + . .     Gourm    .   (no shield)
rNeg     + + +     Faith    .   y - +0 ring mail
rPois    ∞         Spirit   .   (no helmet)
rElec    .         Reflect  .   (no cloak)
rCorr    .         Harm     .   (no gloves)
MR       .....                  v - +0 pair of boots
Stlth    +.........             (no amulet)
HPRegen  0.18/turn              f - +3 ring of strength
MPRegen  0.10/turn              w - +4 ring of strength

@: no status effects
A: no food or potions, fire vulnerability, cold resistance 1, negative energy
resistance 3, torment resistance, unbreathing
a: Heroism, Renounce Religion


You were on level 5 of the Dungeon.
You worshipped Okawaru.
Okawaru was pleased with you.
You were not hungry.

You visited 1 branch of the dungeon, and saw 5 of its levels.

You collected 219 gold pieces.

Inventory:

Hand Weapons
 a - a +1 shortbow
 b - a +0 trident of venom (weapon)
 t - a cursed +0 hunting sling
 u - a cursed -1 war axe
 A - a +0 arbalest
 B - a +0 hunting sling
Missiles
 d - 89 arrows
 g - 46 sling bullets
 k - 275 stones (quivered)
 p - 16 bolts
 q - 3 needles of confusion
 s - 8 needles of sleeping
Armour
 v - a +0 pair of boots (worn)
 y - a +0 ring mail (worn)
Jewellery
 f - a +3 ring of strength (left hand)
 w - a +4 ring of strength (right hand)
Wands
 c - a wand of enslavement (9)
 o - a wand of disintegration (16)
Scrolls
 e - 5 scrolls of amnesia {!r}
 h - 2 scrolls of enchant armour {!r}
 i - 2 scrolls of remove curse {!r}
 j - 3 scrolls of identify {!r}
 l - 5 scrolls of teleportation {!r}
 m - 2 scrolls of enchant weapon {!r}
 n - a scroll of fog {!r}
 r - a scroll of magic mapping {!r}


   Skills:
 + Level 4.0 Fighting
 * Level 5.4 Bows
 + Level 3.3 Armour
 + Level 3.3 Dodging
 - Level 0.7 Stealth


You had 6 spell levels left.
You didn't know any spells.

Dungeon Overview and Level Annotations

Branches:
Dungeon (5/15)             Temple (0/1) D:5

Altars:
Elyvilon
Makhleb
Okawaru
Trog
Yredelemnul

Shops:
D:4 :   D:5 (


Innate Abilities, Weirdness & Mutations

You do not eat or drink.
Your flesh is vulnerable to fire.
You are immune to poison.
Your flesh is cold resistant. (rC+)
You are immune to negative energy. (rN+++)
You are immune to unholy pain and torment.
You can survive without breathing.


Message History

Moving in this stuff is going to be slow.
You enter the shallow water.
Moving in this stuff is going to be slow.
You enter the shallow water.
Moving in this stuff is going to be slow.
The electric eel is too close now for your liking.
There is an open door here.
There are monsters nearby!
There are monsters nearby!
The electric eel shoots out a bolt of lightning at you!
The bolt of electricity hits the plant.
The bolt of electricity misses you.
You start resting.
HP restored.
The electric eel shoots out a bolt of lightning at you!
The bolt of electricity hits the plant.
The bolt of electricity hits you!
The electric eel shoots out a bolt of lightning at you!
The bolt of electricity hits the plant.
The bolt of electricity hits you!
The electric eel shoots out a bolt of lightning at you!
The bolt of electricity hits the plant.
The bolt of electricity misses you.
The electric eel shoots out a bolt of lightning at you!
The bolt of electricity hits the plant.
The bolt of electricity misses you.
The electric eel shoots out a bolt of lightning at you!
The bolt of electricity hits the plant.
The bolt of electricity misses you.
The electric eel shoots out a bolt of lightning at you!
The bolt of electricity hits the plant.
The bolt of electricity hits you!
The electric eel shoots out a bolt of lightning at you!
The bolt of electricity hits the electric eel.
The electric eel completely resists.
The bolt of electricity hits the plant.
The bolt of electricity hits you!
The electric eel shoots out a bolt of lightning at you!
The bolt of electricity hits the plant.
The bolt of electricity hits you!
* * * LOW HITPOINT WARNING * * *
You start resting.
HP restored.
The electric eel shoots out a bolt of lightning at you!
The bolt of electricity hits the plant.
The bolt of electricity hits you!
The electric eel shoots out a bolt of lightning at you!
The bolt of electricity hits the plant.
The bolt of electricity hits you!
The electric eel shoots out a bolt of lightning at you!
The bolt of electricity hits the electric eel.
The electric eel completely resists.
The bolt of electricity hits the plant.
The plant is destroyed!
The bolt of electricity hits you!
* * * LOW HITPOINT WARNING * * *
You start resting.
HP restored.
The electric eel shoots out a bolt of lightning at you!
The bolt of electricity hits the plant.
The bolt of electricity hits you!
The electric eel shoots out a bolt of lightning at you!
The bolt of electricity hits you!
Evoke which item? (* to show all) (? for menu, Esc to quit)
Aiming: Disintegrate
Press: ? - help, Shift-Dir - straight line, f - electric eel
Aim: an electric eel (chance to defeat MR: 73%)
The electric eel is blasted.
The electric eel shoots out a bolt of lightning at you!
The bolt of electricity hits you!
* * * LOW HITPOINT WARNING * * *
The electric eel shoots out a bolt of lightning at you!
The bolt of electricity hits the plant.
The bolt of electricity hits you!
* * * LOW HITPOINT WARNING * * *
The electric eel shoots out a bolt of lightning at you!
The bolt of electricity hits you!
You die...

..†....########.###
....#'##≈)?≈. ..
....#.#≈≈.≈P. #.
....#.#;≈≈... #≈
....#≈#≈≈?.P. #≈##
....#≈##≈.).. ≈≈#
###'##≈##########≈##
.....##≈##≈(!...#..#
.....##.#≈≈.P;..@#.#
.....##.#≈.≈;....#≈#
.....##.#≈≈;PP...#≈#
#...###.##≈.?P..##≈#
#'### ##≈########≈##
....# ##≈≈≈≈≈...##
....# ##########
....# #.###


You could see 3 electric eels.

Vanquished Creatures
  Grinder (D:4)
  The ghost of Typee the Sneak, an amateur OpIE (D:3)
  A sky beast (D:5)
  A centaur (D:5)
  An orc priest (D:4)
  Ijyb (D:4)
  An orc wizard (D:4)
  A worker ant (D:5)
  Terence (D:3)
  9 adders
  2 oozes
  An adder skeleton (D:4)
  A worm (D:3)
  A dart slug (D:1)
  A leopard gecko (D:5)
  3 orcs (D:4)
  A bat zombie (D:1)
  6 giant cockroaches
  8 hobgoblins
  13 jackals
  4 quokkas
  A ball python (D:1)
  4 bats
  5 frilled lizards
  A giant cockroach zombie (D:1)
  2 gnoll zombies (D:2)
  19 goblins
  A jackal skeleton (D:4)
  8 kobolds
  7 rats
  A plant (D:2)
108 creatures vanquished.

Vanquished Creatures (others)
  A plant (D:5)
1 creature vanquished.

Grand Total: 109 creatures vanquished

Notes
Turn   | Place    | Note
-------+----------+-------------------------------------------
     0 | D:1      | Amnesiac the Mummy Hunter began the quest for the Orb.
     0 | D:1      | Reached XP level 1. HP: 16/16 MP: 1/1
   114 | D:1      | Reached skill level 1 in Armour
   360 | D:1      | Reached XP level 2. HP: 13/22 MP: 2/2
   969 | D:1      | Reached XP level 3. HP: 26/27 MP: 3/3
  1351 | D:2      | Found a basalt altar of Yredelemnul.
  1382 | D:2      | Found an iron altar of Okawaru.
  1395 | D:2      | Became a worshipper of Warmaster Okawaru
  1493 | D:2      | Found a burning altar of Makhleb.
  1734 | D:2      | Reached XP level 4. HP: 3/34 MP: 4/4
  2662 | D:3      | Noticed Typee's ghost (amateur OpIE)
  2675 | D:3      | Killed Typee's ghost
  2675 | D:3      | Reached * piety under Okawaru
  2675 | D:3      | Reached skill level 4 in Bows
  2675 | D:3      | Reached XP level 5. HP: 20/40 MP: 5/5
  3152 | D:3      | Found a bloodstained altar of Trog.
  3277 | D:3      | Noticed Terence
  3283 | D:3      | Killed Terence
  3617 | D:4      | Found Weytargh's Book Shoppe.
  3635 | D:4      | Reached XP level 6. HP: 44/47 MP: 6/6
  3670 | D:4      | Noticed Ijyb
  3691 | D:4      | Killed Ijyb
  3771 | D:4      | You fall through a shaft!
  3771 | D:5      | Entered Level 5 of the Dungeon
  4101 | D:4      | Noticed Grinder
  4114 | D:4      | Paralysed by Grinder for 4 turns
  4121 | D:4      | Paralysed by Grinder for 6 turns
  4131 | D:4      | Killed Grinder
  4131 | D:4      | Reached ** piety under Okawaru
  4131 | D:4      | Reached skill level 5 in Bows
  4131 | D:4      | Reached XP level 7. HP: 27/52 MP: 7/7
  4355 | D:4      | Found a white marble altar of Elyvilon.
  5231 | D:5      | Found a staircase to the Ecumenical Temple.
  5346 | D:5      | Found Vadimp's Antique Weapon Emporium.
  6157 | D:5      | Killed from afar by an electric eel

Vault maps used:
D:1:      saegor_arrival_fortress
D:2:      cheibrodos_old_hovel, lemuel_zombie_altar_yredelemnul,
          old_standard_altar, overflow_temple_1_default, first_bread,
          guppyfry_early_lair_pool
D:3:      lightli_temple_of_fire, uniq_terence
D:4:      kennysheep_goblin_castle, elyvilon_altar_4, serial_shops,
          nicolae_shop_behind_doors, lemuel_flame_loot_1, uniq_grinder
D:5:      cheibrodos_two_vegetables, minmay_temple_entry_overgrown,
          serial_shops, nicolae_shop_crystal

Skill      XL: |  1  2  3  4  5  6  7 |
---------------+----------------------+-----
Armour         | 1 2 3 |  3.3
Dodging        | 2 3 |  3.3
Bows           | 4 5 |  5.4
Fighting       | 3 4 |  4.0
Stealth        | |  0.7

Action                   |  1- 3 |  4- 6 |  7- 9 || total
-------------------------+-------+-------+-------++-------
Melee: Short sword       |    18 |       |       ||    18
       Spear             |   168 |   169 |       ||   337
       Trident           |       |       |    40 ||    40
 Fire: Shortbow          |    26 |    96 |     6 ||   128
       Hunting sling     |       |    44 |       ||    44
Throw: Stone             |     2 |       |       ||     2
Evoke: Wand              |       |     1 |     1 ||     2
  Use: Scroll            |       |     8 |     2 ||    10
 Stab: Sleeping          |     4 |       |       ||     4
       Distracted        |       |       |     1 ||     1
Armor: Leather armour    |    48 |    21 |       ||    69
       Ring mail         |       |    19 |    13 ||    32
Dodge: Dodged            |   127 |    79 |    34 ||   240

Table legend:
 A = Spawn XP
 B = Non-spawn XP
 C = Spawn XP percentage of total XP
 D = Spawn monster count
 E = Non-spawn monster count
 F = Spawn count percentage of total count
 G = Total turns spent on level
                    A         B        C        D         E        F      G
               +---------+---------+-------+---------+---------+-------+---------
         Total |       0 |    1130 |   0.0 |       0 |     107 |   0.0 |  6157
               +---------+---------+-------+---------+---------+-------+---------
           D:1 |       0 |      46 |   0.0 |       0 |      26 |   0.0 |  1394
           D:2 |       0 |      93 |   0.0 |       0 |      27 |   0.0 |  1388
           D:3 |       0 |     237 |   0.0 |       0 |      23 |   0.0 |  1026
           D:4 |       0 |     418 |   0.0 |       0 |      21 |   0.0 |  1201
           D:5 |       0 |     336 |   0.0 |       0 |      10 |   0.0 |  1148
               +---------+---------+-------+---------+---------+-------+---------
